AoeStats
← сербский

Arabia

509263499Analyzed
4v4 RM · 8d ago on Sep 26, 2026· 37m 12s· 8 players
Game mode
Random Map
Map size
Large (8 player)
Population
200
Speed
Normal
Resources
Standard
Victory
Conquest
Starting age
Dark Age
Ending age
Imperial Age
RankedLock teamsTeams togetherTeam positionsShared explorationLock speedFull tech treeHidden civsTurbo modeCheats
Victory
Defeat
🇪🇨 Chinese · Ecuador
1042
+14
🇦🇷 Celts · Argentina
998
+16
🇨🇱 Slavs · Chile
965
+17
🇵🇪 Varangians · Peru
933
+19
🇲🇽 Maya · Mexico
1053
-20
🇨🇦 Magyars · Canada
1018
-17
🇨🇳 Khmer · China
959
-15
🇨🇳 Inca · China
945
-14
Departure
11:31 Feudal Age
12:10 Horse Collar
13:24 Wheelbarrow
17:23 Castle Age
15:57 Stone Mining
18:03 Double-Bit Axe
19:42 Forging
19:55 Husbandry
22:52 Bow Saw
24:42 Fletching
24:52 Padded Archer Armor
26:45 Bloodlines
26:36 Treadmill Crane
28:17 Heavy Plow
29:39 Ballistics
29:18 Bodkin Arrow
29:57 Fervor
29:42 Gold Mining
30:29 Hand Cart
35:40 Imperial Age
34:43 Squires
34:28 Arson
35:08 Leather Archer Armor
35:28 Iron Casting
34:59 Scale Barding Armor
36:31 Stone Shaft Mining
38:30 Blast Furnace
37:32 Scale Mail Armor
сербский
7:13 Loom
9:58 Feudal Age
11:37 Double-Bit Axe
17:45 Wheelbarrow
18:06 Forging
18:27 Horse Collar
19:03 Bloodlines
22:31 Castle Age
23:21 Husbandry
23:17 Stone Mining
23:53 Bow Saw
24:52 Iron Casting
24:24 Scale Barding Armor
24:48 Padded Archer Armor
27:33 Hand Cart
29:01 Town Watch
29:51 Chain Barding Armor
29:35 Gold Mining
31:42 Heavy Plow
31:45 Loom
32:46 Elite Skirmisher
34:11 Leather Archer Armor
33:49 Fletching
36:01 Gold Shaft Mining
36:00 Bodkin Arrow
39:04 Imperial Age
4k_hd
0:41 Loom
12:18 Feudal Age
18:46 Castle Age
17:54 Man-at-Arms
18:28 Fletching
21:39 Elite Skirmisher
22:05 Horse Collar
22:14 Double-Bit Axe
24:09 Padded Archer Armor
25:10 Leather Archer Armor
26:02 Bodkin Arrow
28:32 Wheelbarrow
28:12 Thumb Ring
28:13 Heavy Plow
28:26 Bow Saw
29:55 Hand Cart
29:26 Town Watch
30:04 Forging
32:10 Town Patrol
38:44 Imperial Age
36:47 Husbandry
36:57 Bloodlines
36:10 Light Cavalry
Séneca
7:06 Loom
7:35 Loom
10:04 Feudal Age
11:12 Double-Bit Axe
20:17 Castle Age
18:44 Fletching
18:55 Padded Archer Armor
20:22 Crossbowman
21:01 Bodkin Arrow
23:27 Wheelbarrow
25:07 Leather Archer Armor
27:20 Ballistics
33:07 Gold Mining
33:11 Elite Skirmisher
MA
1:35 Loom
11:29 Feudal Age
13:00 Double-Bit Axe
13:03 Horse Collar
20:10 Castle Age
18:57 Scale Barding Armor
20:00 Bloodlines
21:56 Bow Saw
22:54 Heavy Plow
24:00 Wheelbarrow
24:09 Husbandry
Gualord
0:31 Loom
10:06 Feudal Age
26:34 Wheelbarrow
413401132
5:30 Loom
10:07 Feudal Age
10:52 Double-Bit Axe
10:53 Horse Collar
17:10 Castle Age
18:04 Stone Mining
18:07 Gold Mining
20:34 Bow Saw
24:55 Heavy Plow
25:31 Gold Shaft Mining
待有时
8:01 Loom
11:35 Feudal Age
14:15 Horse Collar
14:21 Double-Bit Axe
16:24 Fletching
20:49 Castle Age
18:56 Padded Archer Armor
19:23 Gold Mining
22:00 Heavy Plow
22:11 Bow Saw
22:21 Leather Archer Armor
22:04 Bodkin Arrow
21:39 Crossbowman
23:42 Leather Archer Armor
25:34 Gold Shaft Mining
29:50 Gold Shaft Mining
29:07 Stone Mining
30:56 Thumb Ring
33:02 Ballistics
32:52 Masonry
35:40 Wheelbarrow
Connection lost

Rejoining the realm…

Still unreachable

The connection could not be restored.

Session expired

The server has moved on; the page needs a fresh start.